 Dungeon Crawl Stone Soup version 0.27-a0-1123-g2f9bb313c0 (webtiles) character file.

Game seed: 1619946169431719424

110 Zeld the Chucker (level 4, -13/31 HPs)
             Began as an Octopode Fighter on May 3, 2021.
             Was an Initiate of Okawaru.
             Mangled by Menkaure (20 damage)
             ... on level 4 of the Dungeon.
             The game lasted 00:05:58 (3031 turns).

Zeld the Chucker (Octopode Fighter)                 Turns: 3031, Time: 00:05:58

Health: -13/31     AC:  1    Str: 16    XL:     4   Next: 91%
Magic:  4/4        EV: 11    Int: 10    God:    Okawaru [......]
Gold:   21         SH:  8    Dex: 11    Spells: 3/3 levels left

rFire    . . .     SeeInvis .   a - +0 war axe
rCold    . . .     Faith    .   b - +0 kite shield
rNeg     . . .     Spirit   .   (helmet restricted)
rPois    .         Reflect  .   (no amulet)
rElec    .         Harm     .   (no ring)
rCorr    .         Rampage  .   (no ring)
Will     .....                  (no ring)
Stlth    ++........             (no ring)
HPRegen  0.10/turn              (no ring)
MPRegen  0.09/turn              (no ring)
                                (no ring)
                                (no ring)

@: mighty
A: almost no armour, amphibious, 8 rings, camouflage 1, gelatinous body 1,
(nimble swimmer 1), tentacles
a: Renounce Religion


You were on level 4 of the Dungeon.
You worshipped Okawaru.
Okawaru was noncommittal.
You visited 1 branch of the dungeon, and saw 4 of its levels.

You collected 99 gold pieces.
You spent 78 gold pieces at shops.

Inventory:

Hand Weapons
 a - a +0 war axe (weapon)
Missiles
 g - 12 poisoned darts (quivered)
Armour
 b - a +0 kite shield (worn)
Scrolls
 d - a scroll of noise {unknown}
 h - a scroll of magic mapping
 i - a scroll of vulnerability {unknown}
 j - a scroll of teleportation {unknown}
 m - a scroll of acquirement {unknown}
Potions
 e - a potion of cancellation {unknown}
 f - 3 potions of ambrosia {unknown}
 k - a potion of berserk rage {unknown}
 l - 2 potions of flight {unknown}
 n - 2 potions of curing {unknown}


   Skills:
 - Level 3.3 Fighting
 - Level 2.4 Axes
 * Level 3.5 Throwing
 - Level 3.0 Dodging
 - Level 3.2 Shields


You had 3 spell levels left.
You didn't know any spells.
Your spell library was empty.

Dungeon Overview and Level Annotations

Branches:
Dungeon (4/15)
 Temple: D:4-7

Altars:
Okawaru

Shops:
D:1 *?*

Annotations:
D:4 Menkaure


Innate Abilities, Weirdness & Mutations

You cannot wear most types of armour.
You are amphibious.
You can wear up to eight rings at the same time.
Your skin changes colour to match your surroundings (Stealth+).
Your rubbery body absorbs attacks. (AC +1, EV +1)
((You are camouflaged near water. (Stealth+)))
You have tentacles for arms and can constrict up to eight enemies at once.


Message History

There is a stone staircase leading down here.
You see here 13 stones.
There is a stone staircase leading up here.
You climb upwards.
There is a stone staircase leading down here.
You see here a throwing net.
There is an entrance to Usear's Assorted Antiques here.
n - a white potion;
n - 2 white potions (gained 1) Thank you for shopping at Usear's Assorted Antiques!
You can access your shopping list by pressing '$'.
There is a stone staircase leading down here.
You climb downwards.
There is a stone staircase leading up here.
There is a stone staircase leading down here.
You climb downwards.
There is a stone staircase leading up here.
You see here a +0 whip.
There is an open door here.
There is an open door here.
There is an open door here.
There is a stone staircase leading down here.
You climb downwards.
There is a stone staircase leading up here.
Found a pair of gloves.
You now have 21 gold pieces (gained 17).
Found a stone staircase leading up.
Menkaure, Prince of Dust comes into view.
No target in view!
Menkaure shouts!
You feel very mighty all of a sudden. Menkaure hits you!!
Ouch! That really hurt!
* * * LOW HITPOINT WARNING * * *
A phantom comes into view.
You are too injured to fight recklessly!
You hit Menkaure. Your grab misses Menkaure.
Menkaure is lightly damaged.
Menkaure hits you!!
Ouch! That really hurt!
You die...

.#.##.......##
...##............
..........#.##..# .
######....#.##..##.
#............ #
##...####<.#####.#
#...####......W.#
#........#.....#
......#.##.#..@M...#
..#####.##.#.#.....#
#......#.....#
####.######### #.#
#.# ... ... #...


You could see a phantom and Menkaure.

Vanquished Creatures
  4 gnolls (D:2)
  2 adders (D:2)
  A worm (D:3)
  A dart slug (D:3)
  An orc (D:3)
  3 bats (D:1)
  3 endoplasms
  3 giant cockroaches
  A goblin (D:3)
  5 hobgoblins
  4 jackals (D:3)
  A kobold (D:2)
  2 quokkas
  4 ball pythons
  A frilled lizard (D:1)
  10 rats
46 creatures vanquished.

Vanquished Creatures (others)
  6 plants (D:1)
6 creatures vanquished.

Grand Total: 52 creatures vanquished

Notes
Turn   | Place    | Note
-------+----------+-------------------------------------------
     0 | D:1      | Zeld the Octopode Fighter began the quest for the Orb.
     0 | D:1      | Reached XP level 1. HP: 16/16 MP: 1/1
    21 | D:1      | Found Kythar's Magic Scroll Emporium.
    42 | D:1      | Found a faded altar of an unknown god.
   184 | D:1      | Reached XP level 2. HP: 21/21 MP: 2/2
   394 | D:1      | Found Fiveuwua's General Store.
   541 | D:1      | Found Usear's Assorted Antiques.
   764 | D:2      | Reached skill level 1 in Throwing
   764 | D:2      | Reached XP level 3. HP: 18/26 MP: 3/3
   882 | D:2      | Reached XP level 4. HP: 17/31 MP: 4/4
  1765 | D:1      | Bought a scroll of identify for 20 gold pieces
  1765 | D:1      | Bought a scroll of identify for 20 gold pieces
  2068 | D:3      | Found an iron altar of Okawaru.
  2104 | D:3      | Became a worshipper of Warmaster Okawaru
  2894 | D:1      | Bought a white potion for 19 gold pieces
  2894 | D:1      | Bought a white potion for 19 gold pieces
  3020 | D:4      | Noticed Menkaure
  3030 | D:4      | Noticed a phantom
  3031 | D:4      | Mangled by Menkaure

Illustrated notes

Levels and vault maps discovered:
D:1:      kennysheep_arrival_forest, layout_basic, serial_shops, shop,
          nicolae_shop_overgrown_old_shop, nicolae_shop_stone,
          ebering_ecumenical_altar_abandoned, chequers_serial_rivers_micro_d,
          columned_hall_lemuel
D:2:      layout_loops_cross
D:3:      layout_loops_corners, okawaru_trees_1, minmay_curled_crystal
D:4:      layout_loops_cross, tso_oasis_becter,
          nemelex_xobeh_ov_fountains_minmay, temple_statues, item_on_display_a,
          uniq_menkaure

Skill      XL: |  1  2  3  4 |
---------------+-------------+-----
Throwing       | 1 2 3 |  3.5
Fighting       | |  3.3
Axes           | |  2.4
Dodging        | |  3.0
Shields        | |  3.2

Action                   |  1- 3 |  4- 6 || total
-------------------------+-------+-------++-------
Melee: War axe           |    39 |    41 ||    80
       Constrict         |    13 |    11 ||    24
       Tentacles         |     8 |     7 ||    15
  Use: Scroll            |       |     2 ||     2
       Potion            |       |     1 ||     1
 Stab: Sleeping          |     4 |     3 ||     7
       Distracted        |       |     1 ||     1
Armor: Skin              |     2 |     1 ||     3
Dodge: Dodged            |    17 |    17 ||    34
Block: Kite shield       |    18 |    14 ||    32

Table legend: (Time is in decaauts)
 A = Elapsed time spent in this place.
 B = Non-inter-level travel time spent in this place.
 C = Inter-level travel time spent in this place.
 D = Time resting spent in this place.
 E = Time spent auto-exploring this place.
 F = Levels seen in this place.
 G = Mean time per level.
                   A        B        C        D        E       F      G
               +--------+--------+--------+--------+--------+-----+--------+
         Total |   3081 |   2820 |    261 |      0 |   2426 |   4 |  770.2 |
       Dungeon |   3081 |   2820 |    261 |      0 |   2426 |   4 |  770.2 |
               +--------+--------+--------+--------+--------+-----+--------+

Top non-repeatable levels by time:
     D:3: 1123 daAuts
     D:2: 1083 daAuts
     D:1: 835 daAuts
     D:4: 38 daAuts
